[Event "Titled Tuesday Blitz March 29 Late 2022"]
[White "Rorrer, Grayson"]
[Black "Badelka, Olga"]
[WhiteFideId "30944996"]
[BlackFideId "13509926"]
[WhiteElo "2122"]
[BlackElo "2165"]
[Result "1-0"]
[Round "05"]
[TimeControl "180+1"]
[Date "2022.03.30"]
[WhiteClock "0:00:05"]
[BlackClock "0:00:05"]

1. e4 c5 2. Nf3 Nc6 3. Bb5 e6 4. O-O Nge7 5. Re1 Nd4 6. Nxd4 cxd4 7. c3 a6 8. Bf1 Nc6 9. cxd4 Nxd4 10. Nc3 Bc5 11. d3 O-O 12. Be3 d6 13. Ne2 Nxe2+ 14. Qxe2 Qb6 15. Bxc5 dxc5 16. Rac1 Bd7 17. b3 Rac8 18. Qe3 Qd6 19. Red1 e5 20. Rc2 b6 21. Rdc1 a5 22. a3 Rfd8 23. Rc3 g6 24. h4 h5 25. Be2 Kg7 26. g3 f6 27. Kg2 Qd4 28. Qd2 Be6 29. Qc2 Rf8 30. b4 axb4 31. axb4 Qxb4 32. Rb1 Qa5 33. Qb2 Ra8 34. Rcc1 Rfb8 35. Ra1 Qb4 36. Qxb4 cxb4 37. Rab1 b3 38. Bd1 Ra3 39. Rc6 Bf7 40. Rc7 Kf8 41. Rc3 b5 42. Rb2 b4 43. Rc1 Rba8 44. Rcb1 Rc8 45. Bxb3 Bxb3 46. Rxb3 Rxb3 47. Rxb3 Rc3 48. Rxb4 Rxd3 49. Rb7 Rc3 50. Rd7 Rb3 51. Kg1 Rc3 52. Kf1 Rb3 53. Ke2 Ra3 54. Kf1 Ra2 55. Kg1 Ra3 56. Kg2 Rb3 57. Rd2 Rc3 58. f4 Re3 59. Rd6 Kf7 60. Rd7+ Kf8 61. Rd6 Ke7 62. fxe5 fxe5 63. Rxg6 Rxe4 64. Rg5 Kf6 65. Rxh5 Ra4 66. Rh8 Kf5 67. Rf8+ Kg4 68. Rg8+ Kf5 69. h5 e4 70. h6 Ra7 71. Rg7 Ra8 72. g4+ Kf6 73. g5+ Kf5 74. h7 Rh8 75. g6 Kf6 76. Rg8 1-0


[Site "https://www.chess.com"]

[Event "Titled Tuesday Blitz March 29 Late 2022"]
[White "Rosen, Eric"]
[Black "Meduri, Aakaash"]
[WhiteFideId "2032562"]
[BlackFideId "2032252"]
[WhiteElo "2362"]
[BlackElo "2096"]
[Result "1-0"]
[Round "05"]
[TimeControl "180+1"]
[Date "2022.03.30"]
[WhiteClock "0:00:23"]
[BlackClock "0:00:01"]

1. d4 Nf6 2. Bf4 d6 3. Nc3 g6 4. e4 Bg7 5. Qd2 O-O 6. O-O-O Nbd7 7. e5 Ne8 8. Bh6 c6 9. h4 Qa5 10. h5 dxe5 11. hxg6 fxg6 12. Bc4+ e6 13. Bxe6+ Kh8 14. Bxg7+ Nxg7 15. Bxd7 Bxd7 16. Qh6 Nh5 17. Nf3 Rxf3 18. gxf3 exd4 19. Rxd4 Qf5 20. Ne4 Re8 21. Rhd1 Be6 22. Rd8 Rxd8 23. Rxd8+ Bg8 24. Ng5 Qf4+ 25. Kb1 Qc7 26. Qf8 1-0


[Site "https://www.chess.com"]

[Event "Titled Tuesday Blitz March 29 Late 2022"]
[White "Rustemov, Alexander"]
[Black "Bibasa, Bob"]
[WhiteFideId "4119002"]
[BlackFideId "10000240"]
[WhiteElo "2765"]
[BlackElo "2056"]
[Result "1-0"]
[Round "05"]
[TimeControl "180+1"]
[Date "2022.03.29"]
[WhiteClock "0:00:24"]
[BlackClock "0:01:01"]

1. d4 Nf6 2. c4 e6 3. Nf3 b6 4. a3 Bb7 5. Nc3 Be7 6. Qc2 O-O 7. e4 d6 8. Bd3 h6 9. O-O c5 10. d5 e5 11. h3 Nbd7 12. Be3 Nh5 13. Ne2 Bg5 14. Nxg5 hxg5 15. g3 Qf6 16. Qd2 Qg6 17. Bxg5 Ndf6 18. Nc3 Nh7 19. Bh4 f6 20. Kh2 Bc8 21. g4 Nf4 22. Bg3 Nxh3 23. Kxh3 Qxg4+ 24. Kg2 Ng5 25. f3 Qh3+ 26. Kf2 Qh5 27. Qe2 Nh3+ 28. Ke1 Qg5 29. Qh2 Qe3+ 30. Be2 f5 31. Qxh3 f4 32. Bf2 Bxh3 33. Bxe3 Bxf1 34. Bxf1 fxe3 35. Ke2 Rf7 36. Bh3 Re7 37. Be6+ Kf8 38. Rh1 Ree8 39. Nb5 Ke7 40. Rg1 Rh8 41. Rxg7+ Kf6 42. Rf7+ Kg6 43. Kxe3 Rh2 44. Nxd6 Rxb2 45. Bf5+ Kg5 46. Rg7+ Kf6 47. Rg6+ Ke7 48. Re6+ Kf8 49. Rxe5 Rb3+ 50. Kf4 Rxa3 51. Re6 a5 52. e5 a4 53. Rh6 Rb3 54. Rh8+ Kg7 55. Rxa8 1-0


[Site "https://www.chess.com"]

[Event "Titled Tuesday Blitz March 29 Late 2022"]
[White "Sanal, Vahap"]
[Black "Oganian, Miran"]
[WhiteFideId "6300545"]
[BlackFideId "4122488"]
[WhiteElo "2603"]
[BlackElo "2357"]
[Result "1-0"]
[Round "05"]
[TimeControl "180+1"]
[Date "2022.03.29"]
[WhiteClock "0:00:09"]
[BlackClock "0:00:02"]

1. e4 e6 2. d4 d5 3. Nd2 Nf6 4. e5 Nfd7 5. Bd3 c5 6. c3 Nc6 7. Ne2 cxd4 8. cxd4 f6 9. exf6 Qxf6 10. Nf3 h6 11. O-O Bd6 12. b3 O-O 13. Bb2 Rd8 14. Ng3 Nf8 15. Re1 Bd7 16. Ne5 Be8 17. Rc1 Qh4 18. Bb1 Rac8 19. Nf3 Qf6 20. a3 Bf4 21. Rc2 Bg6 22. Rce2 Bxb1 23. Qxb1 Bxg3 24. hxg3 Rc7 25. Qd3 Rdc8 26. Qe3 a6 27. Qd3 Qf7 28. Bc3 Qf6 29. Bd2 b5 30. Bf4 Rd7 31. Rc2 Rdd8 32. Rce2 Ne7 33. Ne5 Qf5 34. Qd2 Neg6 35. Nxg6 Qxg6 36. Qa5 Qd3 37. Qxa6 Qxb3 38. Qb7 Qc4 39. Rc1 Qxe2 40. Rxc8 Qd1+ 41. Kh2 Rxc8 42. Qxc8 Qh5+ 43. Kg1 Qd1+ 44. Kh2 Qxd4 45. Qe8 Qf6 46. Qxb5 Qf5 47. f3 Ng6 48. Be3 Qh5+ 49. Kg1 Qe5 50. Kf2 Kh7 51. a4 Qa1 52. a5 Qa2+ 53. Kg1 Qa1+ 54. Kh2 d4 55. Bf2 e5 56. a6 Qa2 57. Bg1 Qa3 58. Qb7 Qa5 59. a7 e4 60. Bxd4 exf3 61. a8=Q Qh5+ 62. Kg1 f2+ 63. Kxf2 Qf5+ 64. Qf3 Qc2+ 65. Kg1 Qc1+ 66. Kh2 Qc7 67. Qae4 Qf7 68. Qxf7 h5 69. Qxg7# 1-0


[Site "https://www.chess.com"]

[Event "Titled Tuesday Blitz March 29 Late 2022"]
[White "Sjugirov, Sanan"]
[Black "Lin, Dachey"]
[WhiteFideId "4189302"]
[BlackFideId "2029650"]
[WhiteElo "2602"]
[BlackElo "2313"]
[Result "1-0"]
[Round "05"]
[TimeControl "180+1"]
[Date "2022.03.29"]
[WhiteClock "0:00:04"]
[BlackClock "0:00:03"]

1. d4 g6 2. c4 Bg7 3. Nf3 c5 4. d5 d6 5. e4 Nf6 6. Nc3 e6 7. h3 exd5 8. exd5 O-O 9. Be2 Na6 10. O-O Nc7 11. Bd3 a6 12. a4 Rb8 13. Bf4 b5 14. axb5 axb5 15. cxb5 Nfxd5 16. Bg5 Bf6 17. Bh6 Nxc3 18. bxc3 Re8 19. c4 d5 20. Ra7 dxc4 21. Bxc4 Be6 22. Qxd8 Rexd8 23. Bxe6 Nxe6 24. Rb1 c4 25. b6 c3 26. b7 c2 27. Rc1 Nd4 28. Nxd4 Bxd4 29. Ra4 Bg7 30. Bf4 Rd1+ 31. Kh2 Rxc1 32. Bxc1 Bf8 33. Ra7 Kg7 34. Bf4 Bc5 35. Bxb8 c1=Q 36. Be5+ Kh6 37. b8=Q Bxf2 38. Bf4+ 1-0


[Site "https://www.chess.com"]

[Event "Titled Tuesday Blitz March 29 Late 2022"]
[White "Sliwicki, Damian"]
[Black "Spata, German"]
[WhiteFideId "1127128"]
[BlackFideId "113026"]
[WhiteElo "2067"]
[BlackElo "2238"]
[Result "1-0"]
[Round "05"]
[TimeControl "180+1"]
[Date "2022.03.30"]
[WhiteClock "0:00:14"]
[BlackClock "0:00:07"]

1. e4 e6 2. d4 d5 3. Nc3 dxe4 4. Nxe4 Nd7 5. Nf3 Ngf6 6. Nxf6+ Nxf6 7. Bd3 c5 8. Bg5 cxd4 9. Nxd4 Be7 10. O-O O-O 11. Qd2 Nd5 12. Bxe7 Qxe7 13. Rfe1 Qf6 14. Rad1 Bd7 15. Nf3 Rad8 16. Ne5 Bc6 17. Be4 g6 18. Bxd5 Rxd5 19. Qc3 Rxd1 20. Rxd1 Rd8 21. Rxd8+ Qxd8 22. h3 Qd1+ 23. Kh2 Qd6 24. g3 Qd5 25. f3 h5 26. Nxc6 bxc6 27. Kg2 Qxa2 28. b3 Qa6 29. Qd2 Qb6 30. g4 hxg4 31. fxg4 Qc7 32. h4 Kg7 33. h5 gxh5 34. Qg5+ Kf8 35. gxh5 Qd6 36. c4 Qd4 37. h6 Qe4+ 38. Kh2 Qe2+ 39. Kg1 Qd1+ 40. Kf2 Qc2+ 41. Ke1 Qb1+ 42. Kd2 Qb2+ 43. Ke1 Qb1+ 44. Kd2 Qb2+ 45. Kd3 Qxb3+ 46. Kd4 Qb2+ 47. Kc5 Qa3+ 48. Kxc6 Qa6+ 49. Kd7 Qb7+ 50. Kd6 Qb6+ 51. Ke5 Qc5+ 52. Kf4 Qxg5+ 53. Kxg5 a5 54. Kf6 Kg8 55. c5 a4 56. c6 a3 57. c7 a2 58. c8=Q+ Kh7 59. Qc3 1-0


[Site "https://www.chess.com"]

[Event "Titled Tuesday Blitz March 29 Late 2022"]
[White "Srinath, Rao S.V."]
[Black "Aydin, Gulenay"]
[WhiteFideId "5028876"]
[BlackFideId "34557431"]
[WhiteElo "2181"]
[BlackElo "1429"]
[Result "0-1"]
[Round "05"]
[TimeControl "180+1"]
[Date "2022.03.30"]
[WhiteClock "0:00:48"]
[BlackClock "0:00:11"]

1. e4 c5 2. Nf3 d6 3. d4 cxd4 4. Nxd4 Nf6 5. Nc3 g6 6. g3 Bg7 7. Bg2 O-O 8. O-O Qc7 9. h3 Nc6 10. Nde2 Rb8 11. Be3 a6 12. Rb1 Ne5 13. b3 b5 14. f4 Ned7 15. g4 Bb7 16. g5 Ne8 17. Nd5 Bxd5 18. exd5 Nc5 19. Bd4 Rc8 20. f5 Be5 21. f6 exf6 22. gxf6 Nd7 23. Bxe5 dxe5 24. Rc1 Ndxf6 25. c4 bxc4 26. bxc4 Qc5+ 27. Kh1 Nh5 28. Qd2 Nd6 29. Bf3 Nxc4 30. Qh6 Qe3 31. Bxh5 Qxh6 32. Bg4 f5 0-1


[Site "https://www.chess.com"]

[Event "Titled Tuesday Blitz March 29 Late 2022"]
[White "Steinberg, Nitzan"]
[Black "Rozman, Levy"]
[WhiteFideId "2801795"]
[BlackFideId "2039877"]
[WhiteElo "2440"]
[BlackElo "2376"]
[Result "1-0"]
[Round "05"]
[TimeControl "180+1"]
[Date "2022.03.29"]
[WhiteClock "0:00:14"]
[BlackClock "0:00:02"]

1. Nf3 g6 2. e4 Bg7 3. d4 d6 4. Nc3 a6 5. Be3 Bg4 6. h3 Bxf3 7. Qxf3 Nc6 8. O-O-O e5 9. dxe5 Nxe5 10. Qe2 Ne7 11. f4 N5c6 12. Qd2 Qd7 13. g4 O-O-O 14. Bg2 Rhe8 15. Kb1 Qe6 16. Rhe1 Qc4 17. Bf1 Qb4 18. a3 Qa5 19. Ne2 Qxd2 20. Bxd2 d5 21. e5 g5 22. fxg5 Nxe5 23. Bg2 Nc4 24. Bc1 Ng6 25. Ng3 Rxe1 26. Rxe1 Nh4 27. Bh1 c6 28. Nf5 Nxf5 29. gxf5 Kd7 30. f6 Bf8 31. Bf3 Re8 32. Bg4+ Kd8 33. Rxe8+ Kxe8 34. Bf5 Bd6 35. Bxh7 Bg3 36. Bf5 Nd6 37. Bd3 c5 38. c3 Kd7 39. Kc2 Ke6 40. Be2 Kf5 41. Bg4+ Kg6 42. Bf3 Ne4 43. c4 Nxg5 44. Bxd5 Kxf6 45. Bxb7 a5 46. Be3 Bd6 47. h4 Ne6 48. h5 Nf4 49. h6 Kg6 50. Bd5 f5 51. Bd2 Kxh6 52. Bxa5 Nxd5 53. cxd5 Kg5 54. Bd2+ f4 55. Kd3 Kf5 56. Kc4 Ke4 57. a4 f3 58. Be1 Ke3 59. a5 Be7 60. a6 Ke2 61. Bg3 Bd6 62. Bh4 Be7 63. Bxe7 f2 64. a7 f1=Q 65. a8=Q Ke3+ 66. Kxc5 Qc1+ 67. Kd6 Qxb2 68. Qc6 Qa3+ 69. Kd7 Qa7+ 70. Qc7 Qa4+ 71. Ke6 Qg4+ 72. Kd6 Ke4 73. Qc4+ Ke3 74. Qxg4 1-0


[Site "https://www.chess.com"]

[Event "Titled Tuesday Blitz March 29 Late 2022"]
[White "Svane, Rasmus"]
[Black "Jaferian, Koosha"]
[WhiteFideId "4657101"]
[BlackFideId "12507440"]
[WhiteElo "2645"]
[BlackElo "2030"]
[Result "1-0"]
[Round "05"]
[TimeControl "180+1"]
[Date "2022.03.29"]
[WhiteClock "0:02:13"]
[BlackClock "0:02:11"]

1. Nf3 d5 2. g3 g6 3. Bg2 Bg7 4. d4 Nf6 5. O-O O-O 6. c3 c6 7. Re1 Bf5 8. Nbd2 Ne4 9. Nh4 Nxd2 10. Bxd2 Be6 11. e4 dxe4 12. Bxe4 Nd7 13. Bg2 Nf6 14. Nf3 Bd5 15. Bf4 Qb6 16. Qe2 Rfe8 17. h4 Rad8 18. Be5 Nd7 19. Bxg7 Kxg7 20. h5 Nf6 21. hxg6 hxg6 22. Ne5 Bxg2 23. Kxg2 Rh8 24. Nxf7 1-0


[Site "https://www.chess.com"]

[Event "Titled Tuesday Blitz March 29 Late 2022"]
[White "Sztokbant, Bernardo Vainzoff"]
[Black "Ardila, Oscar Humberto"]
[WhiteFideId "2115956"]
[BlackFideId "4404742"]
[WhiteElo "2237"]
[BlackElo "1966"]
[Result "1-0"]
[Round "05"]
[TimeControl "180+1"]
[Date "2022.03.30"]
[WhiteClock "0:00:13"]
[BlackClock "0:00:11"]

1. e4 e5 2. Nf3 Nf6 3. d4 Nxe4 4. Bd3 d5 5. Nxe5 Nd7 6. Nxd7 Bxd7 7. O-O Be7 8. c4 c6 9. cxd5 cxd5 10. Nd2 Nxd2 11. Bxd2 O-O 12. Qh5 g6 13. Qxd5 Bc6 14. Qxd8 Raxd8 15. Bc3 Bf6 16. Rad1 Bxd4 17. Bc4 Bxc3 18. bxc3 Rxd1 19. Rxd1 Re8 20. Kf1 Kg7 21. Bb3 Bb5+ 22. c4 Bc6 23. f3 a5 24. Kf2 a4 25. Bc2 Re5 26. Rb1 Rc5 27. Rb4 Ra5 28. Ke3 Kf6 29. Kd4 Ke6 30. Be4 Kd6 31. Rb1 f5 32. Bxc6 Kxc6 33. Re1 Ra8 34. Re7 Rd8+ 35. Kc3 h5 36. Re6+ Rd6 37. Rxd6+ Kxd6 38. Kb4 b6 39. Kxa4 Kc5 40. Kb3 g5 41. Kc3 g4 42. f4 h4 43. a3 b5 44. cxb5 Kxb5 45. Kd4 h3 46. gxh3 gxh3 47. Ke5 Ka4 48. Kxf5 Kxa3 49. Kg5 Kb4 50. f5 Kc4 51. f6 Kd5 52. f7 Ke5 1-0


[Site "https://www.chess.com"]

[Event "Titled Tuesday Blitz March 29 Late 2022"]
[White "Taichman, Ori"]
[Black "Smirnov, Pavel"]
[WhiteFideId "2804069"]
[BlackFideId "4123425"]
[WhiteElo "2227"]
[BlackElo "2545"]
[Result "0-1"]
[Round "05"]
[TimeControl "180+1"]
[Date "2022.03.29"]
[WhiteClock "0:00:02"]
[BlackClock "0:00:17"]

1. e4 e5 2. d4 exd4 3. Qxd4 Nc6 4. Qe3 Nf6 5. Nc3 Bb4 6. Bd2 O-O 7. O-O-O Re8 8. Qg3 Rxe4 9. a3 Rg4 10. Qe3 Ba5 11. f3 Bb6 12. Qe1 Rd4 13. Nge2 Rd6 14. Nf4 a6 15. g4 Nd4 16. Qg3 Rc6 17. g5 Ne8 18. Bd3 Nd6 19. Nfd5 N6f5 20. Qf4 d6 21. h4 Be6 22. Kb1 Bc5 23. h5 Ne7 24. Bxh7+ Kxh7 25. g6+ Kg8 26. Nf6+ gxf6 27. Qh6 Nef5 28. gxf7+ Kxf7 29. Qh7+ Ke8 30. Rde1 Qe7 31. Rxe6 Nxe6 32. Qxf5 Kd7 33. Nd5 Qf7 34. Nxf6+ Kc8 35. Rg1 b5 36. Rg8+ Kb7 37. Rxa8 Kxa8 38. h6 Nf8 39. Qc8+ Ka7 40. Ne4 Bb6 41. Bg5 Nh7 42. Bd8 d5 0-1


[Site "https://www.chess.com"]

[Event "Titled Tuesday Blitz March 29 Late 2022"]
[White "Tanenbaum, Zachary"]
[Black "Sarkar, Justin"]
[WhiteFideId "2060850"]
[BlackFideId "2010011"]
[WhiteElo "2168"]
[BlackElo "2038"]
[Result "1-0"]
[Round "05"]
[TimeControl "180+1"]
[Date "2022.03.30"]
[WhiteClock "0:00:12"]
[BlackClock "0:00:04"]

1. e4 c5 2. Nf3 d6 3. d4 cxd4 4. Nxd4 Nf6 5. Nc3 a6 6. Be3 Ng4 7. Bc1 Nf6 8. f3 e6 9. Be3 b5 10. Qd2 b4 11. Nce2 Nbd7 12. O-O-O d5 13. g4 dxe4 14. g5 Nd5 15. fxe4 Nxe3 16. Qxe3 Bb7 17. h4 Bc5 18. Qg3 Qb6 19. h5 Bxe4 20. Bg2 Bxg2 21. Qxg2 O-O 22. g6 fxg6 23. hxg6 h6 24. Kb1 Rae8 25. Nb3 Ne5 26. Rhf1 Rxf1 27. Rxf1 Nc4 28. Nxc5 Nd2+ 29. Kc1 Nxf1 30. Qxf1 Rf8 31. Qxf8+ Kxf8 32. Nd7+ 1-0


[Site "https://www.chess.com"]

[Event "Titled Tuesday Blitz March 29 Late 2022"]
[White "Terrieux, Kevin"]
[Black "Chernobay, Artem"]
[WhiteFideId "622591"]
[BlackFideId "4167406"]
[WhiteElo "2665"]
[BlackElo "2544"]
[Result "1-0"]
[Round "05"]
[TimeControl "180+1"]
[Date "2022.03.30"]
[WhiteClock "0:00:11"]
[BlackClock "0:00:03"]

1. d4 Nf6 2. f3 d5 3. e4 dxe4 4. Nc3 c5 5. d5 e3 6. Bxe3 Nbd7 7. Qd2 a6 8. Ne4 b6 9. Ne2 Bb7 10. N2c3 g6 11. O-O-O Bg7 12. Bh6 O-O 13. h4 b5 14. h5 b4 15. Bxg7 Kxg7 16. hxg6 fxg6 17. Qh6+ Kh8 18. Ng5 bxc3 19. Ne6 cxb2+ 20. Kb1 Rf7 21. Nxd8 Rxd8 22. c4 Nb6 23. Bd3 Na4 24. Qd2 Rb8 25. Bc2 Nb6 26. Bb3 Bc8 27. Qc3 Kg8 28. Rde1 Bf5+ 29. Bc2 Bd7 30. Re3 Be8 31. Rhe1 Rb7 32. d6 1-0


[Site "https://www.chess.com"]

[Event "Titled Tuesday Blitz March 29 Late 2022"]
[White "Tiarks, Jann-Christian"]
[Black "Ricaurte Lopez, Juan Carlos"]
[WhiteFideId "12951595"]
[BlackFideId "3600327"]
[WhiteElo "2176"]
[BlackElo "2209"]
[Result "1-0"]
[Round "05"]
[TimeControl "180+1"]
[Date "2022.03.30"]
[WhiteClock "0:01:50"]
[BlackClock "0:00:20"]

1. e4 e5 2. Nf3 Nc6 3. d4 exd4 4. Nxd4 g6 5. b3 Bg7 6. Bb2 Nxd4 7. Bxd4 Bxd4 8. Qxd4 Qf6 9. e5 Qb6 10. Qxb6 axb6 11. Nc3 Ra5 12. f4 d6 13. exd6 cxd6 14. O-O-O Nf6 15. Rxd6 Ke7 16. Rxb6 Rd8 17. Bc4 Rd4 18. Re1+ Be6 19. Bxe6 fxe6 20. Rexe6+ Kf7 21. Rxf6+ Kg7 22. g3 Rc5 23. Ne2 Re4 24. Rfe6 1-0


[Site "https://www.chess.com"]

[Event "Titled Tuesday Blitz March 29 Late 2022"]
[White "Van Foreest, Jorden"]
[Black "Kadric, Denis"]
[WhiteFideId "1039784"]
[BlackFideId "14403803"]
[WhiteElo "2609"]
[BlackElo "2657"]
[Result "1-0"]
[Round "05"]
[TimeControl "180+1"]
[Date "2022.03.29"]
[WhiteClock "0:02:02"]
[BlackClock "0:01:12"]

1. e4 d6 2. d4 Nf6 3. Nc3 e5 4. dxe5 dxe5 5. Qxd8+ Kxd8 6. f3 c6 7. a4 a5 8. Bc4 Ke8 9. Be3 Na6 10. O-O-O Bc5 11. Bd2 Nd7 12. Nge2 Nb6 13. Ba2 Ke7 14. f4 exf4 15. Nxf4 Nb4 16. Bb3 Nd7 17. Rhf1 Ne5 18. h3 g6 19. Nfe2 h6 20. Bf4 Nd7 21. e5 Nf8 22. Ne4 Bb6 23. Bg5+ 1-0


[Site "https://www.chess.com"]

[Event "Titled Tuesday Blitz March 29 Late 2022"]
[White "Vifleemskaia, Svetlana"]
[Black "Martinez Reyes, Pedro Ramon"]
[WhiteFideId "4129490"]
[BlackFideId "3901807"]
[WhiteElo "1901"]
[BlackElo "2410"]
[Result "0-1"]
[Round "05"]
[TimeControl "180+1"]
[Date "2022.03.30"]
[WhiteClock "0:00:01"]
[BlackClock "0:00:35"]

1. d4 d6 2. e4 g6 3. Nc3 Bg7 4. Bg5 a6 5. a4 h6 6. Be3 Nf6 7. h3 Nc6 8. Qd2 e5 9. dxe5 Nxe5 10. f4 Nc6 11. Nf3 O-O 12. Bd3 d5 13. exd5 Nxd5 14. Nxd5 Qxd5 15. O-O Bf5 16. Rad1 Rad8 17. Qf2 Bxb2 18. Bxf5 Qxf5 19. Rb1 Bg7 20. Rxb7 Rd7 21. Nh4 Qe4 22. f5 Re8 23. Rb3 Bd4 24. Bxd4 Qxd4 25. Qxd4 Nxd4 26. Rg3 Ne2+ 27. Kh2 Nxg3 28. Kxg3 g5 29. Nf3 Kg7 30. h4 Kf6 31. hxg5+ hxg5 32. Kh3 Re4 33. g4 Rd8 34. Rb1 Re3 35. Kg2 Rde8 0-1


[Site "https://www.chess.com"]

[Event "Titled Tuesday Blitz March 29 Late 2022"]
[White "Xiong, Jeffery"]
[Black "Cardoso Cardoso, Jose Gabriel"]
[WhiteFideId "2047640"]
[BlackFideId "4430492"]
[WhiteElo "2727"]
[BlackElo "2451"]
[Result "1-0"]
[Round "05"]
[TimeControl "180+1"]
[Date "2022.03.29"]
[WhiteClock "0:00:58"]
[BlackClock "0:00:04"]

1. e4 c5 2. Nc3 a6 3. g3 b5 4. Bg2 Bb7 5. Nh3 e6 6. O-O Nf6 7. Qe2 b4 8. Na4 d5 9. e5 Nfd7 10. c4 Nc6 11. cxd5 Nd4 12. Qd1 Bxd5 13. Bxd5 exd5 14. d3 Be7 15. f4 O-O 16. Be3 Nb5 17. Qf3 d4 18. Bd2 Rc8 19. Nf2 f5 20. a3 bxa3 21. bxa3 Nb6 22. Ba5 Qd5 23. Qxd5+ Nxd5 24. Rfc1 Rc6 25. Nd1 g5 26. Bd2 gxf4 27. gxf4 Kf7 28. Nf2 Bh4 29. Nh3 Rg8+ 30. Kh1 Be7 31. Ng5+ Bxg5 32. fxg5 Rgc8 33. Nb2 Nbc3 34. Nc4 Ke6 35. Rg1 Ne7 36. Bxc3 dxc3 37. Rac1 Rb8 38. Rxc3 Rc7 39. h4 Rcb7 40. h5 Rb3 41. Rxb3 Rxb3 42. Rg3 f4 43. Rh3 Kf5 44. g6 hxg6 45. Nd6+ Ke6 46. hxg6 Nxg6 47. Rh6 Kxe5 48. Rxg6 Rxd3 49. Nf7+ Ke4 50. Re6+ Kf3 51. Ne5+ 1-0


[Site "https://www.chess.com"]

[Event "Titled Tuesday Blitz March 29 Late 2022"]
[White "Yanchenko, Roman"]
[Black "Shimanov, Aleksandr"]
[WhiteFideId "4137329"]
[BlackFideId "4198603"]
[WhiteElo "2514"]
[BlackElo "2636"]
[Result "1-0"]
[Round "05"]
[TimeControl "180+1"]
[Date "2022.03.29"]
[WhiteClock "0:00:15"]
[BlackClock "0:00:03"]

1. d4 d5 2. c4 c6 3. cxd5 cxd5 4. Nc3 Nc6 5. Nf3 e6 6. Bf4 Bd6 7. Bg3 Nge7 8. e3 O-O 9. Bd3 f6 10. a3 Kh8 11. Rc1 a6 12. Bb1 g5 13. Nxg5 fxg5 14. Qh5 Nf5 15. Bxd6 Qxd6 16. g4 Bd7 17. gxf5 exf5 18. Qxg5 Rae8 19. Kd2 Rg8 20. Qh4 Rg4 21. Qh5 Reg8 22. h3 R4g5 23. Qf3 Na5 24. Ba2 Nc4+ 25. Kc2 Be6 26. Rcd1 b5 27. h4 Rg4 28. Bxc4 bxc4 29. h5 f4 30. e4 dxe4 31. Qxe4 R4g5 32. Kc1 Bg4 33. Rde1 Rd8 34. d5 Qf6 35. h6 Rgg8 36. Qe5 Qxe5 37. Rxe5 Rd6 38. Rh4 Bc8 39. Ne4 Rdg6 40. d6 f3 41. Re7 Rd8 42. Rf4 Rxh6 43. Ng5 Rh1+ 44. Kc2 Kg8 45. Rff7 h6 46. Rg7+ Kf8 47. Nh7# 1-0


[Site "https://www.chess.com"]

[Event "Titled Tuesday Blitz March 29 Late 2022"]
[White "Yuan, Qingyu"]
[Black "Zivkovic, Nemanja"]
[WhiteFideId "8609772"]
[BlackFideId "942154"]
[WhiteElo "2359"]
[BlackElo "2388"]
[Result "1-0"]
[Round "05"]
[TimeControl "180+1"]
[Date "2022.03.29"]
[WhiteClock "0:00:16"]
[BlackClock "0:01:16"]

1. e4 c5 2. Nf3 d6 3. Bb5+ Nd7 4. c4 a6 5. Ba4 Nf6 6. Nc3 e6 7. O-O Be7 8. a3 O-O 9. b4 Qc7 10. Qe2 b6 11. Bb2 Rd8 12. Rac1 Bb7 13. Rfd1 Rac8 14. d3 Ne5 15. h3 Nfd7 16. Rc2 Bf6 17. Bxd7 Nxd7 18. Qe3 Qb8 19. Ne2 Bxb2 20. Rxb2 cxb4 21. Rxb4 Qc7 22. Rdb1 Rb8 23. Nc3 Bc6 24. h4 h6 25. R1b2 Rdc8 26. Rb1 Nc5 27. Ne2 e5 28. Nc3 Ne6 29. Rxb6 Nc5 30. R6b4 a5 31. Nb5 Bxb5 32. Rxb5 Rxb5 33. Rxb5 Rb8 34. d4 Rxb5 35. cxb5 Ne6 36. dxe5 dxe5 37. g3 a4 38. Kg2 Qd6 39. Qc3 f6 40. Qc4 Kh7 41. Qxa4 Qd3 42. b6 Nc5 43. Qb4 Nb7 44. a4 Qa6 45. h5 1-0


[Site "https://www.chess.com"]

[Event "Titled Tuesday Blitz March 29 Late 2022"]
[White "Adewumi, Tanitoluwa"]
[Black "Korchmar, Vasiliy"]
[WhiteFideId "30966396"]
[BlackFideId "24131750"]
[WhiteElo "2573"]
[BlackElo "2370"]
[Result "1/2-1/2"]
[Round "06"]
[TimeControl "180+1"]
[Date "2022.03.29"]
[WhiteClock "0:00:07"]
[BlackClock "0:00:06"]

1. e4 c5 2. Nf3 d6 3. Bb5+ Nd7 4. O-O a6 5. Bd3 b5 6. Re1 Bb7 7. c4 b4 8. Bc2 g6 9. a3 a5 10. Ba4 Bg7 11. e5 dxe5 12. Nxe5 Nf6 13. d4 O-O 14. Bg5 cxd4 15. Nxd7 Nxd7 16. Bxe7 Qc7 17. Bxf8 Rxf8 18. axb4 axb4 19. Bxd7 Qxd7 20. Qd3 Qg4 21. f3 Qh4 22. Nd2 Bh6 23. g3 Qh3 24. Ne4 Be3+ 25. Rxe3 dxe3 26. Qxe3 Qe6 27. Re1 Qxc4 28. Nf6+ Kh8 29. Qe5 Qe6 30. Qxe6 fxe6 31. Rxe6 Bxf3 32. g4 g5 33. h4 gxh4 34. g5 Kg7 35. Re7+ Kg6 36. Nxh7 Rc8 37. Kh2 Bg4 38. Nf6 Rc2+ 39. Kg1 Bf3 40. Ne8 h3 41. Rg7+ Kf5 42. Rh7 Kg4 43. Nf6+ Kg3 44. Rxh3+ Kxh3 45. Kf1 Kg3 46. Ke1 Rxb2 47. g6 Re2+ 48. Kf1 Rf2+ 49. Ke1 Re2+ 50. Kf1 Bd5 51. Kxe2 Bc4+ 52. Ke3 b3 53. Kd2 Kf4 54. g7 Kf5 55. g8=Q Bxg8 56. Nxg8 Ke4 57. Kc3 Ke3 58. Kb2 Ke2 59. Kxb3 1/2-1/2


[Site "https://www.chess.com"]

[Event "Titled Tuesday Blitz March 29 Late 2022"]
[White "Aggelis, Nikolaos"]
[Black "Hardaway, Brewington"]
[WhiteFideId "4213220"]
[BlackFideId "30941849"]
[WhiteElo "2474"]
[BlackElo "2661"]
[Result "1-0"]
[Round "06"]
[TimeControl "180+1"]
[Date "2022.03.30"]
[WhiteClock "0:00:44"]
[BlackClock "0:00:39"]

1. d4 Nf6 2. g3 g6 3. Bg2 Bg7 4. Nf3 O-O 5. O-O d6 6. b3 c5 7. Bb2 Nfd7 8. c4 cxd4 9. Nxd4 Nc5 10. Nc3 Qb6 11. Nd5 Qd8 12. Qd2 Bd7 13. Rfd1 Nc6 14. Nxc6 Bxc6 15. Bxg7 Kxg7 16. b4 Ne6 17. Rac1 Rc8 18. h4 h5 19. e4 b5 20. c5 Qd7 21. cxd6 Qxd6 22. Qb2+ Kh6 23. Nb6 Qxd1+ 24. Rxd1 axb6 25. Qe5 Rfd8 26. Rxd8 Rxd8 27. Bf1 Kh7 28. Bxb5 Nd4 29. Qxe7 Rd7 30. Qxd7 Bxd7 31. Bxd7 b5 32. a4 bxa4 33. Bxa4 Kg7 34. b5 Ne6 35. b6 Nc5 36. Bc6 Kf6 37. b7 Na6 38. f4 Ke7 39. e5 Nb8 40. Bd5 f6 41. exf6+ Kxf6 42. Kf2 Kf5 43. Kf3 Na6 44. Be4+ Kf6 45. Ke3 Nb8 46. Kd4 Ke6 47. Bxg6 Kd6 48. Bxh5 Nc6+ 49. Ke3 Kc7 50. Bf3 Ne7 51. g4 Ng8 52. g5 Ne7 53. Be4 Ng8 54. h5 Ne7 55. h6 Kb6 56. b8=Q+ Kc5 57. Qc7+ Kb4 58. Qxe7+ Kb3 59. g6 Kb2 60. f5 Kc1 61. f6 Kd1 62. f7 Ke1 63. g7 Kf1 64. h7 Kg1 65. g8=Q+ Kf1 66. f8=Q+ Ke1 67. h8=Q Kd1 68. Qh5+ Kc1 69. Qc4+ Kb2 70. Qb8+ Ka1 71. Qea7# 1-0


[Site "https://www.chess.com"]

[Event "Titled Tuesday Blitz March 29 Late 2022"]
[White "Almagro Mazariegos, Sebastian"]
[Black "Barria Zuniga, Daniel"]
[WhiteFideId "2221640"]
[BlackFideId "3400816"]
[WhiteElo "2273"]
[BlackElo "2414"]
[Result "0-1"]
[Round "06"]
[TimeControl "180+1"]
[Date "2022.03.30"]
[WhiteClock "0:00:01"]
[BlackClock "0:00:55"]

1. e4 e6 2. d4 d5 3. Nd2 c5 4. exd5 Qxd5 5. Ngf3 Nf6 6. Bc4 Qd6 7. dxc5 Qxc5 8. O-O b5 9. Bb3 a5 10. a4 b4 11. Nc4 Nbd7 12. Be3 Qc7 13. Rc1 Ba6 14. Nfd2 Bc5 15. Re1 O-O 16. c3 Rfd8 17. cxb4 Bxb4 18. Qf3 Ne5 19. Nxe5 Qxe5 20. Bb6 Qxb2 21. Bxd8 Rxd8 22. Ne4 Bxe1 23. Nxf6+ Qxf6 24. Qxf6 gxf6 25. Rxe1 Rd4 26. h3 h5 27. Rc1 Rb4 28. Bd1 h4 29. f3 Bc4 30. Kf2 Rb2+ 0-1


[Site "https://www.chess.com"]